 Dungeon Crawl Stone Soup version 0.20.1-1-g8b1a95d (webtiles) character file.

618 Gremour the Slasher (level 7, 0/85 HPs)
             Began as a Demonspawn Fighter on Dec 11, 2017.
             Succumbed to Edmund's poison
             ... on level 5 of the Dungeon on Dec 12, 2017.
             The game lasted 00:20:49 (5744 turns).

Gremour the Slasher (Demonspawn Fighter)            Turns: 5744, Time: 00:20:50

Health: 0/85       AC: 11    Str: 21    XL:     7   Next: 21%
Magic:  7/7        EV:  9    Int: 10    God:
Gold:   92         SH:  9    Dex: 14    Spells: 6/6 levels left

rFire    . . .     SeeInvis +   a - +0 long sword
rCold    . . .     Gourm    .   c - +0 shield
rNeg     + + .     Faith    .   b - +0 scale mail
rPois    .         Spirit   .   B - +1 helmet {SInv}
rElec    .         Reflect  .   q - +0 cloak
rCorr    .         Harm     .   o - +0 pair of gloves
MR       .....     Rnd*Rage +   (no boots)
Stlth    ..........             (no amulet)
Regen    0.3/turn               l - ring of positive energy
MPRegen  0.1/turn               v - ring of positive energy

@: berserking (expiring), lethally poisoned (0 -> -32), very quick
A: claws 2, talons 1, repulsion field 1, berserk 1, demonic guardian 1, robust 1
a: no special abilities


You were on level 5 of the Dungeon.
You were not hungry.

You visited 1 branch of the dungeon, and saw 5 of its levels.
You also visited: Sewer.

You collected 273 gold pieces.
You spent 181 gold pieces at shops.

Inventory:

Hand Weapons
 a - a +0 long sword (weapon)
 y - a +0 long sword
Missiles
 t - 7 javelins (quivered)
Armour
 b - a +0 scale mail (worn)
 c - a +0 shield (worn)
 j - a +4 chain mail
 o - a +0 pair of gloves (worn)
 q - a +0 cloak (worn)
 B - a +1 helmet of see invisible (worn)
Jewellery
 l - a ring of positive energy (left hand)
 v - a ring of positive energy (right hand)
Scrolls
 i - 6 scrolls of identify
 k - a scroll of fog {unknown}
 r - 3 scrolls of teleportation {unknown}
 s - a scroll of noise {unknown}
 u - a scroll of random uselessness {unknown}
 w - a scroll of recharging {unknown}
 C - a scroll of fear {unknown}
Potions
 d - a potion of brilliance {unknown}
 e - a potion of heal wounds {unknown}
 g - a potion of resistance
 m - 2 potions of lignification
 n - 2 potions of haste
 x - 4 potions of curing
 z - 5 potions of agility
Comestibles
 f - 3 bread rations
 h - 4 meat rations
 p - 3 royal jellies


   Skills:
 - Level 3.0 Fighting
 + Level 7.4 Long Blades
 - Level 2.6 Armour
 - Level 2.6 Shields


You had 6 spell levels left.
You didn't know any spells.

Dungeon Overview and Level Annotations

Branches:
Dungeon (5/15)
 Temple: D:4-7

Altars:
Elyvilon
Sif Muna
The Shining One

Shops:
D:4 [


Innate Abilities, Weirdness & Mutations

You have very sharp fingernails.
A weak demonic guardian rushes to your aid.
You have sharp toenails.
You are surrounded by a mild repulsion field. (EV +2)
You tend to lose your temper in combat.
You are robust. (+10% HP)


Message History

You closely miss Edmund. Your kick misses Edmund.
Edmund is almost dead.
* * * LOW HITPOINT WARNING * * *
You feel sick. You block Edmund's attack.
You hit Edmund but do no damage. Your kick misses Edmund.
Edmund is almost dead.
* * * LOW HITPOINT WARNING * * *
You feel very sick.
You slash Edmund!
You kill Edmund!
* * * LOW HITPOINT WARNING * * *
You feel very sick.
You are too berserk!
* * * LOW HITPOINT WARNING * * *
You feel sick.
Things that are here:
a flail of venom; a runed chain mail
j - a runed chain mail You feel a strong urge to attack something.
You die...

*,**,,,,,,,,,** *
*,,*,***,***,*
******* **.#.# *,*
*,* *<,,,,, **...#
*,* #.* *******
**#..# *,# #.* * *
#..# *.# #.* * *
*..###.###.#######
****
*#.#..........5..#
*,,,
#.#.#.###....@..#
****** *,**
#...#...........#
*,,,,* *,**
#...#.###.......#
*,,,,***,**
####.รท<#.#
###'#####
*,,,,,,,,,,
.......#.#####.#
*,,,,***,**
.......#.#.....#
***+** *,*
######...#.#####
##### *,* *,* #
#...#.# #...# *,*
*,* ######...#.#
#...# *,****,*


You could see a friendly iron imp.

Vanquished Creatures
  Edmund (D:5)
  2 ogres (D:4)
  An orc wizard (D:4)
  Crazy Yiuf (D:2)
  Natasha (twice) (D:3)
  Robin (D:3)
  6 adders
  2 river rats (D:5)
  6 oozes (Sewer)
  7 worms
  4 dart slugs
  3 leopard geckos
  5 orcs
  6 giant cockroaches
  12 goblins
  7 hobgoblins
  11 jackals
  6 kobolds
  4 quokkas
  4 ball pythons
  A ball python skeleton (D:4)
  11 bats
  7 frilled lizards
  A jackal skeleton (D:4)
  12 rats
  A bush (D:2)
124 creatures vanquished.

Vanquished Creatures (collateral kills)
  An orc priest (D:4)
  Natasha (D:3)
  An adder (D:3)
  3 orcs (D:4)
  3 goblins (D:3)
  A hobgoblin (D:3)
10 creatures vanquished.

Grand Total: 134 creatures vanquished

Notes
Turn   | Place    | Note
-------+----------+-------------------------------------------
     0 | D:1      | Gremour the Demonspawn Fighter began the quest for the Orb.
     0 | D:1      | Reached XP level 1. HP: 18/18 MP: 1/1
    36 | D:1      | Reached skill level 2 in Long Blades
   109 | D:1      | Gained mutation: A weak demonic guardian rushes to your aid. [demonic ancestry]
   109 | D:1      | Reached XP level 2. HP: 16/24 MP: 2/2
   476 | D:2      | Reached skill level 3 in Long Blades
   610 | D:2      | Reached XP level 3. HP: 22/29 MP: 3/3
   896 | D:2      | Found a glowing golden altar of the Shining One.
  1614 | D:2      | Found a runed door.
  1618 | D:2      | Noticed Crazy Yiuf
  1624 | D:2      | Killed Crazy Yiuf
  1624 | D:2      | Reached skill level 4 in Long Blades
  1624 | D:2      | Gained mutation: You have sharp fingernails. [demonic ancestry]
  1624 | D:2      | Reached XP level 4. HP: 10/35 MP: 4/4
  2213 | D:3      | Noticed Natasha
  2225 | D:3      | Killed Natasha
  2515 | D:3      | Noticed Robin
  2557 | D:3      | Reached XP level 5. HP: 41/41 MP: 5/5
  2607 | D:3      | Killed Robin
  2607 | D:3      | Reached skill level 5 in Long Blades
  2934 | D:3      | Noticed Natasha
  2947 | D:3      | Killed Natasha
  3071 | D:3      | Noticed Natasha
  3078 | D:3      | Killed Natasha
  3831 | D:4      | Gained mutation: You have very sharp fingernails. [demonic ancestry]
  3831 | D:4      | Reached XP level 6. HP: 32/47 MP: 6/6
  3938 | D:4      | Found Vemuemuf's Armour Shoppe.
  4007 | D:4      | Found a deep blue altar of Sif Muna.
  4131 | D:4      | Reached skill level 6 in Long Blades
  4452 | D:4      | Bought a +1 helmet of see invisible for 181 gold pieces
  4492 | D:5      | Entered Level 5 of the Dungeon
  4522 | D:5      | Found a white marble altar of Elyvilon.
  4661 | D:5      | Found a glowing drain.
  4695 | Sewer    | Entered a sewer
  5330 | Sewer    | Reached skill level 7 in Long Blades
  5330 | Sewer    | Reached XP level 7. HP: 41/52 MP: 7/7
  5722 | D:5      | Noticed Edmund
  5723 | D:5      | Gained mutation: You are robust. (+10% HP) [potion of mutation]
  5723 | D:5      | Gained mutation: You tend to lose your temper in combat. [potion of mutation]
  5723 | D:5      | Gained mutation: You are surrounded by a mild repulsion field. (EV +2) [potion of mutation]
  5723 | D:5      | Gained mutation: You have sharp toenails. [potion of mutation]
  5742 | D:5      | Killed Edmund
  5742 | D:5      | HP: 4/85 [poisoned by Edmund]
  5744 | D:5      | Succumbed to Edmund's poison

Skill      XL: |  1  2  3  4  5  6 |
---------------+-------------------+-----
Long Blades    | 2 3 4 5 7 |  7.4
Fighting       | |  3.0
Armour         | |  2.6
Shields        | |  2.6

Action                   |  1- 3 |  4- 6 |  7- 9 || total
-------------------------+-------+-------+-------++-------
Melee: Long sword        |   223 |   332 |    29 ||   584
       Kick              |       |       |     4 ||     4
  Use: Scroll            |       |     9 |       ||     9
       Potion            |       |     3 |     1 ||     4
  Eat: Chunk             |     2 |    13 |     1 ||    16
       Fruit             |     1 |       |       ||     1
Armor: Scale mail        |    65 |   216 |     7 ||   288
Dodge: Dodged            |    27 |    91 |     5 ||   123
Block: Shield            |    64 |   180 |    10 ||   254
       Rpst.: Long sword |     9 |    27 |     1 ||    37
